 Dungeon Crawl Stone Soup version 0.31.0-12-g77e489cdc1 (webtiles) character file.

Game seed: 6705769881766253375

1570 Killerpretzel the Changeling (level 8, 0/54 HPs)
             Began as an Octopode Shapeshifter on Mar 1, 2024.
             Was a Follower of Vehumet.
             Succumbed to a water moccasin's poison
             ... on level 7 of the Dungeon.
             The game lasted 00:15:26 (5957 turns).

Killerpretzel the Changeling (OpSh)                 Turns: 5957, Time: 00:15:26

Health: 0/54       AC:  1    Str: 13    XL:     8   Next: 90%
Magic:  8/8        EV: 15    Int: 12    God:    Vehumet [*.....]
Gold:   332        SH:  0    Dex: 14    Spells: 7/7 levels left

rFire   . .          .
                       - Unarmed
rCold   . . .        (no shield)
rNeg    . . .        (helmet currently unavailable)
rPois   .            (no amulet)
rElec   .            (no ring)
rCorr   .            (no ring)
SInv    .            (no ring)
Will    .....        (no ring)
Stlth   ++           (no ring)
HPRegen 0.29/turn    (no ring)
MPRegen 0.11/turn    (no ring)
                     (no ring)

%: no passive effects
@: mighty, lethally poisoned (0 -> -9), beast-form
A: beast (slay +4), almost no armour, amphibious, 8 rings, camouflage 1,
gelatinous body 1, (nimble swimmer 1), tentacles
a: Begin Untransformation, Renounce Religion


You were on level 7 of the Dungeon.
You worshipped Vehumet.
Vehumet was aware of your devotion.
You were a hulking beast.
You visited 2 branches of the dungeon, and saw 8 of its levels.

You collected 332 gold pieces.

Inventory:

Missiles
 m - 7 boomerangs (quivered)
Talismans
 b - a beast talisman
 c - a flux talisman
 h - a dragon-blood talisman
 j - a blade talisman
Scrolls
 a - a scroll of butterflies
 d - a scroll of revelation
 e - a scroll of blinking
 f - a scroll of vulnerability
 n - a scroll of teleportation
Potions
 g - 3 potions of cancellation


   Skills:
 + Level 4.7 Fighting
 + Level 5.1 Dodging
 + Level 5.7 Unarmed Combat
 * Level 7.0 Shapeshifting


You had 7 spell levels left.
You didn't know any spells.
Your spell library contained the following spells:

 Spells                   Type           Power      Damage    Failure   Level
 Kiss of Death            Conj/Necr      0%         2d5       32%         1
 Tukima's Dance           Hex            0%         N/A       69%         3
 Passage of Golubria      Tloc           0%         N/A       97%         4
 Yara's Violent Unravell  Hex/Alch       0%         3d3       100%        5


Dungeon Overview and Level Annotations

Branches:
Dungeon (7/15)             Temple (1/1) D:4

Altars:
Ashenzari
Cheibriados
Dithmenos
Elyvilon
Fedhas
Gozag
Hepliaklqana
Kikubaaqudgha
Makhleb
Nemelex Xobeh
Ru
Sif Muna
Trog
Uskayaw
Vehumet
Wu Jian
Xom
Yredelemnul
Zin
The Shining One

Shops:
D:7 [

Annotations:
D:5 Sigmund
D:6 Grinder, Jeremiah
D:7 exclusion: wyvern


Innate Abilities, Weirdness & Mutations

You are a hulking beast.
Your limbs bulge with bestial killing power. (Slay +4)
You cannot wear most types of armour.
You are amphibious.
You can wear up to eight rings at the same time.
Your skin changes colour to match your surroundings (Stealth+).
Your rubbery body absorbs attacks. (AC +1, EV +1)
((You are camouflaged when in or above water. (Stealth+)))
You have tentacles for arms and can constrict up to eight enemies at once.


Message History

You squeeze the water moccasin, but do no damage.
The water moccasin is almost dead.
You constrict the water moccasin.
You feel very sick. The water moccasin bites you!
You are lethally poisoned!
The water moccasin poisons you!
You bludgeon the water moccasin!
You kill the water moccasin!
Vehumet accepts your kill.
You feel very sick.
Your Shapeshifting skill increases to level 7!
You are too injured to fight recklessly!
You are too injured to fight recklessly!
You are too injured to fight recklessly!
You are too injured to fight recklessly!
You are too injured to fight recklessly!
You are too injured to fight recklessly!
You are too injured to fight recklessly!
You are too injured to fight recklessly!
You are too injured to fight recklessly!
You are too injured to fight recklessly!
There is a lethal amount of poison in your body!
There is nothing to cancel.
* * * LOW HITPOINT WARNING * * *
You feel very sick.
There is a lethal amount of poison in your body!
Okay, then.
It was a potion of magic.
Magic courses through your body.
* * * LOW HITPOINT WARNING * * *
You feel very sick.
It was a potion of might.
You feel very mighty all of a sudden.
* * * LOW HITPOINT WARNING * * *
You feel very sick.
Okay, then.
There is a lethal amount of poison in your body!
* * * LOW HITPOINT WARNING * * *
You feel sick.
You die...

._..#.#.# #...##.#.........##.##
........# #..###.##.......###.##
.####^..####..............####.##
###.......##...##.##.#...## #...#
#.........<........##### #.#.#.
#.......##....).)..)..#........
###...####...##.##.##.#.##.#.#.
#...# #...##)##.##.#.###...#
##.## #....h..............#
#.#####.........##.........
#..........####............
#..........##........###
#..####.......###....# #.<#
###.)##.# #....# #..#
#.....###..#.# #..#
#..........#.### ######..#
#.#####.####...#


There were no monsters in sight!

Vanquished Creatures
  3 water moccasins (D:7)
  A black bear (D:7)
  An ice beast (D:4)
  An ogre (D:5)
  A centaur (D:7)
  A phantom (D:5)
  Blork the orc (D:4)
  3 wights (D:7)
  An electric eel (D:6)
  An orc priest (D:5)
  3 hounds (D:5)
  A jelly (D:5)
  Ijyb (D:4)
  A gnoll bouda (D:5)
  An iguana (D:4)
  4 orc wizards
  Robin (D:2)
  6 gnolls
  6 adders
  2 white imps
  A ribbon worm (D:5)
  4 dart slugs
  11 orcs
  5 ball pythons
  6 bats
  7 endoplasms
  4 giant cockroaches
  18 goblins
  12 hobgoblins
  4 jackals (D:1)
  3 kobolds (D:1)
  A quokka (D:1)
  2 frilled lizards
  6 rats
124 creatures vanquished.

Notes
Turn   | Place    | Note
-------+----------+-------------------------------------------
     0 | D:1      | Killerpretzel the Octopode Shapeshifter began the quest for
                  | the Orb.
     0 | D:1      | Reached XP level 1. HP: 13/13 MP: 1/1
    71 | D:1      | Reached XP level 2. HP: 13/18 MP: 2/2
   360 | D:1      | Reached XP level 3. HP: 23/23 MP: 3/3
   861 | D:2      | Noticed Robin
   965 | D:2      | Reached XP level 4. HP: 9/29 MP: 4/4
  1142 | D:2      | Killed Robin
  1372 | D:2      | Reached skill level 4 in Shapeshifting
  1889 | D:3      | Reached XP level 5. HP: 31/34 MP: 5/5
  2121 | D:3      | HP: 1/34 [gnoll/+0 halberd (4)]
  2790 | D:4      | Reached XP level 6. HP: 25/41 MP: 6/6
  2910 | D:4      | Noticed an ice beast
  2920 | D:4      | Killed an ice beast
  3103 | D:4      | Noticed Ijyb
  3129 | D:4      | Found a staircase to the Ecumenical Temple.
  3139 | Temple   | Entered the Ecumenical Temple
  3155 | Temple   | Became a worshipper of Vehumet
  3366 | D:4      | Killed Ijyb
  3682 | D:4      | Noticed Blork the orc
  3693 | D:4      | Killed Blork the orc
  3694 | D:4      | Reached skill level 5 in Shapeshifting
  3694 | D:4      | Reached XP level 7. HP: 13/46 MP: 7/7
  3868 | D:4      | Found a shimmering blue altar of Sif Muna.
  3949 | D:5      | Entered Level 5 of the Dungeon
  4212 | D:5      | Found a sacrificial altar of Ru.
  4458 | D:5      | Reached * piety under Vehumet
  4458 | D:5      | Offered knowledge of Kiss of Death by Vehumet.
  4459 | D:5      | Reached XP level 8. HP: 54/54 MP: 8/8
  4589 | D:5      | Noticed Sigmund
  4819 | D:6      | Noticed Jeremiah
  4904 | D:6      | Noticed Grinder
  5030 | D:7      | Reached skill level 6 in Shapeshifting
  5047 | D:7      | Reached skill level 5 in Unarmed Combat
  5193 | D:7      | Found a white marble altar of Elyvilon.
  5193 | D:7      | Found a sparkling altar of Nemelex Xobeh.
  5194 | D:7      | Found an ornate altar of the Wu Jian Council.
  5195 | D:7      | Found a basalt altar of Yredelemnul.
  5196 | D:7      | Found a snail-covered altar of Cheibriados.
  5196 | D:7      | Noticed a wyvern
  5253 | D:7      | Found Wokh's Antique Armour Shoppe.
  5522 | D:7      | HP: 1/53 [poisoned by a water moccasin]
  5802 | D:7      | Reached skill level 5 in Dodging
  5953 | D:7      | Reached skill level 7 in Shapeshifting
  5956 | D:7      | HP: 2/54 [poisoned by a water moccasin]
  5957 | D:7      | Succumbed to a water moccasin's poison

Illustrated notes

Levels and vault maps discovered:
D:1:      lemuel_arrival_lava_pool, layout_loops_ring
D:2:      layout_loops_ring, minmay_pentomino_pile, uniq_robin
D:3:      layout_loops_ring
D:4:      layout_loops_corners, marbit_many_paths, temple_hall,
          serial_library_hellmonk_small_alcove, uniq_blork_the_orc, uniq_ijyb
D:5:      layout_loops_ring, mainiacjoe_overflow_catwalk, minmay_fountain_box,
          uniq_sigmund, uniq_crazy_yiuf_cottage
D:6:      layout_cave_pools, mainiacjoe_overflow_cross_hatched, serial_bayou,
          serial_bayou_shore_a, serial_bayou_lake_a, serial_bayou_crossing,
          serial_bayou_pond_d, serial_bayou_ford_a, uniq_grinder, uniq_menkaure,
          uniq_jeremiah
D:7:      layout_loops_ring, grunt_temple_overflow_open, serial_shops, shop
Temple:   dshaligram_water_room_temple

Skill      XL: |  1  2  3  4  5  6  7  8 |
---------------+-------------------------+-----
Fighting       | 2 3 4 |  4.7
Shapeshifting  | 4 5 7 |  7.0
Dodging        | 3 4 5 |  5.1
Unarmed Combat | 4 5 |  5.7

Action                     |  1- 3 |  4- 6 |  7- 9 || total
---------------------------+-------+-------+-------++-------
  Melee: Unarmed           |    81 |   116 |   101 ||   298
         Constrict         |    16 |    24 |    24 ||    64
         Punch             |     1 |     6 |     6 ||    13
         Tentacles         |    12 |    23 |    29 ||    64
  Evoke: Wand              |       |     1 |     2 ||     3
    Use: Scroll            |     3 |     6 |     4 ||    13
         Potion            |       |     3 |     3 ||     6
   Stab: Sleeping          |     9 |     6 |     5 ||    20
         Distracted        |       |       |     1 ||     1
 Armour: Skin              |    36 |    52 |    50 ||   138
  Dodge: Dodged            |    39 |    42 |    48 ||   129
